 Dungeon Crawl Stone Soup version 0.24-a0-232-g49d9ff8 (webtiles) character file.

Game seed: 10204588381659035390

252433 LicitheCrawler the Omniscient (level 19, -1/150 HPs)
             Began as a Gnoll Skald on Apr 3, 2019.
             Was the Champion of Ashenzari.
             Hit by a javelin of penetration thrown by a merfolk javelineer (11 damage)
             ... on level 4 of the Shoals.
             The game lasted 01:47:12 (37412 turns).

LicitheCrawler the Omniscient (Gnoll Skald)        Turns: 37412, Time: 01:47:12

Health: -1/150     AC: 27    Str: 22    XL:     19   Next: 69%
Magic:  20/36      EV: 14    Int: 21    God:    Ashenzari [******]
Gold:   2289       SH: 24    Dex: 15    Spells: 21/45 levels left

rFire    + . .     SeeInvis +   N - +9 scimitar (vamp) (curse)
rCold    + . .     Gourm    .   P - +0 large shield (curse)
rNeg     + . .     Faith    .   J - +4 chain mail of Calculation {rN+ Int+2} (curse)
rPois    +         Spirit   .   O - +2 hat "Qiasuwno" {rPois MR- Regen+} (curse)
rElec    .         Reflect  +   r - +0 cloak (curse)
rCorr    .         Harm     .   I - +2 pair of gloves (curse)
MR       ++...     Clarity  +   C - +0 pair of boots
Stlth    +.........             E - +4 amulet of reflection (curse)
HPRegen  1.75/turn              X - ring of the Sparrow {rF+ rC+ MR+ Str+4 SInv} (curse)
MPRegen  0.25/turn              v - ring of protection from magic (curse)

@: very slightly contaminated, regenerating, very slow
A: distributed training, fangs 1, strong nose
}: 2/15 runes: barnacled, gossamer
a: Curse Item, Scrying, Renounce Religion


You were on level 4 of the Shoals.
You worshipped Ashenzari.
Ashenzari was exalted by your worship.
You were hungry.

You visited 6 branches of the dungeon, and saw 32 of its levels.
You visited the Abyss 1 time.
You also visited: Bailey, Gauntlet and Ice Cave.

You collected 4125 gold pieces.
You spent 1836 gold pieces at shops.

Inventory:

Hand Weapons
 N - a cursed +9 vampiric scimitar (weapon)
Missiles
 g - 1447 arrows
 G - 13 throwing nets (quivered) {!f}
 Z - 20 javelins of penetration
Armour
 r - a cursed +0 cloak (worn)
 C - a +0 pair of boots (worn)
 I - a cursed +2 pair of gloves (worn)
 J - the cursed +4 chain mail of Calculation (worn) {rN+ Int+2}
   (You found it on level 2 of the Lair of Beasts)

   It affects your intelligence (+2).
   It protects you from negative energy.
   It has a curse placed upon it.
 O - the cursed +2 hat "Qiasuwno" (worn) {rPois MR- Regen+}
   (You acquired it in a bailey)

   It protects you from poison.
   It affects your resistance to hostile enchantments.
   It increases your rate of regeneration.
   It has a curse placed upon it.
 P - a cursed +0 large shield (worn)
Jewellery
 v - a cursed ring of protection from magic (right hand)
 E - a cursed +4 amulet of reflection (around neck)
 V - the ring "Veyttima" {rPois rF+ Int+2 Stlth+}
   (You bought it in a shop on level 2 of the Orcish Mines)

   [ring of protection from fire]

   It affects your intelligence (+2).
   It protects you from fire.
   It protects you from poison.
   It makes you more stealthy.
 X - the cursed ring of the Sparrow (left hand) {rF+ rC+ MR+ Str+4 SInv}
   (You took it off a minotaur in a Gauntlet)

   [ring of see invisible]

   It affects your strength (+4).
   It protects you from fire.
   It protects you from cold.
   It affects your resistance to hostile enchantments.
   It lets you see invisible.
   It has a curse placed upon it.
Wands
 i - a wand of digging (8)
 p - a wand of iceblast (33)
 u - a wand of flame (66)
 y - a wand of scattershot (1)
 A - a wand of acid (17)
 D - a wand of enslavement (7)
 L - a wand of disintegration (17)
 Y - a wand of polymorph (4)
Scrolls
 f - 7 scrolls of enchant weapon
 h - 8 scrolls of magic mapping {@r5 !r}
 l - 7 scrolls of enchant armour
 m - 5 scrolls of blinking {@r4}
 n - 7 scrolls of teleportation {@r3 !r}
 t - 2 scrolls of fog {!r}
 x - 4 scrolls of immolation
 F - a scroll of summoning
 K - a scroll of holy word
 Q - 2 scrolls of vulnerability
 R - 11 scrolls of remove curse {@r2}
 U - 3 scrolls of amnesia
Potions
 a - a potion of agility {@q5 !q}
 b - 3 potions of haste {@q4 !q}
 c - 4 potions of resistance
 j - 2 potions of lignification {@q6}
 k - 4 potions of cancellation
 o - 8 potions of curing {@q1}
 s - 2 potions of mutation
 w - 5 potions of invisibility
 z - 6 potions of magic
 B - 6 potions of ambrosia
 H - 4 potions of might {@q3 !q}
 S - 4 potions of brilliance
 T - 3 potions of berserk rage
Miscellaneous
 d - a box of beasts
 W - a phial of floods
Comestibles
 e - 55 rations


   Skills:
 + Level 13.4 Fighting
 + Level 12.7 Short Blades
 + Level 12.7(16.8) Long Blades
 + Level 12.7 Axes
 + Level 12.7 Maces & Flails
 + Level 13.4 Polearms
 + Level 12.7 Staves
 + Level 12.7 Slings
 + Level 12.7 Bows
 + Level 12.7 Crossbows
 + Level 12.7 Throwing
 + Level 13.0(17.1) Armour
 + Level 13.4 Dodging
 + Level 12.7 Stealth
 + Level 12.7(15.4) Shields
 + Level 12.7 Unarmed Combat
 + Level 13.5 Spellcasting
 + Level 10.9(15.1) Conjurations
 + Level 10.9(15.1) Hexes
 + Level 12.1(16.2) Charms
 + Level 10.9(15.1) Summonings
 + Level 10.9(15.1) Necromancy
 + Level 10.9(15.1) Translocations
 + Level 10.9(15.1) Transmutations
 + Level 10.9(15.1) Fire Magic
 + Level 10.9(15.1) Ice Magic
 + Level 10.9(15.1) Air Magic
 + Level 10.9(15.1) Earth Magic
 + Level 10.9(15.1) Poison Magic
 + Level 13.7 Invocations
 + Level 12.7(16.8) Evocations


You had 21 spell levels left.
You knew the following spells:

 Your Spells              Type           Power        Failure   Level  Hunger
a - Confuse               Hex            ######..     1%          3    None
b - Alistair's Intoxicat  Tmut/Pois      ######..     3%          5    ###....
c - Spectral Weapon       Hex/Chrm       ######..     1%          3    None
d - Song of Slaying       Chrm           ######..     1%          2    None
e - Sticks to Snakes      Tmut           ######..     1%          2    None
f - Apportation           Tloc           ######       1%          1    None
g - Confusing Touch       Hex            ######       1%          1    None
i - Summon Butterflies    Summ           ######..     1%          1    None
j - Lesser Beckoning      Tloc           ######....   1%          3    None
T - Regeneration          Chrm/Necr      ######....   1%          3    None

Your spell library contained the following spells:

 Spells                   Type           Power        Failure   Level  Hunger
 Animate Skeleton         Necr           N/A          1%          1    None
 Beastly Appendage        Tmut           ######       1%          1    None
 Corona                   Hex            ######.      1%          1    None
 Infusion                 Chrm           ####         1%          1    None
 Magic Dart               Conj           ####         1%          1    None
 Pain                     Necr           ####         1%          1    None
 Summon Small Mammal      Summ           ####         1%          1    None
 Ensorcelled Hibernation  Hex/Ice        ######       1%          2    None
 Poisonous Vapours        Pois/Air       ######       1%          2    None
 Searing Ray              Conj           ######       1%          2    None
 Shroud of Golubria       Chrm/Tloc      ######....   1%          2    None
 Throw Frost              Conj/Ice       ######       1%          2    None
 Dazzling Spray           Conj/Hex       ######       1%          3    None
 Ignite Poison            Fire/Tmut/Pois ######..     1%          3    None
 Spider Form              Tmut/Pois      ######....   1%          3    None
 Tukima's Dance           Hex            ######..     1%          3    None
 Vampiric Draining        Necr           ######....   1%          3    None
 Animate Dead             Necr           N/A          1%          4    None
 Force Lance              Conj/Tloc      ######..     1%          4    None
 Fulminant Prism          Conj/Hex       ######....   1%          4    None
 Ice Form                 Ice/Tmut       ######..     1%          4    None
 Iskenderun's Mystic Bla  Conj           ######..     1%          4    None
 Leda's Liquefaction      Hex/Erth       ######....   1%          4    None
 Throw Icicle             Conj/Ice       ######..     1%          4    None
 Iskenderun's Battlesphe  Conj/Chrm      ######..     2%          5    ###....
 Blade Hands              Tmut           ######....   3%          5    ###....
 Bolt of Magma            Conj/Fire/Erth ######....   3%          5    ###....
 Metabolic Englaciation   Hex/Ice        ######....   3%          5    ###....
 Venom Bolt               Conj/Pois      ######....   3%          5    ###....
 Bolt of Cold             Conj/Ice       ######....   21%         6    #####..
 Freezing Cloud           Conj/Ice/Air   ######....   21%         6    #####..
 Invisibility             Hex            ######..     21%         6    #####..
 Iron Shot                Conj/Erth      ######....   21%         6    #####..
 Ozocubu's Refrigeration  Ice            ######....   21%         6    #####..
 Simulacrum               Ice/Necr       ######....   21%         6    #####..
 Statue Form              Tmut/Erth      ######...    21%         6    #####..
 Ring of Flames           Chrm/Fire      ######....   65%         7    ######.
 Orb of Destruction       Conj           ######....   73%         7    ######.
 Spellforged Servitor     Conj/Summ      ######....   73%         7    ######.
 Shatter                  Erth           ######....   100%        9    #######


Dungeon Overview and Level Annotations

Branches:
Dungeon (15/15)            Temple (1/1) D:7            Lair (6/6) D:10
 Shoals (4/4) Lair:4       Spider (4/4) Lair:3        Slime (0/5) Lair:5
    Orc (2/2) D:12            Elf (0/3) Orc:2        Vaults (0/5) D:14
 Depths (0/5) D:15

Altars:
Ashenzari
Cheibriados
Dithmenos
Elyvilon
Fedhas
Gozag
Hepliaklqana
Kikubaaqudgha
Makhleb
Nemelex Xobeh
Okawaru
Qazlal
Ru
Sif Muna
Trog
Uskayaw
Vehumet
Wu Jian
Xom
Yredelemnul
Zin
The Shining One
Jiyva

Shops:
D:4 ?   Orc:2 (}**=

Portals:
Hell: Lair:6

Annotations:
D:10 1 runed translucent door, Stiffzip's ghost, novice MfSu
Lair:2 exclusion: 3 oklob plants
Shoals:4 2 exclusions, Mara
Spider:1 exclusion: Roxanne, Roxanne


Innate Abilities, Weirdness & Mutations

Your experience applies equally to all skills.
You have very sharp teeth.
Your uncanny sense of smell can sniff out nearby items.


Message History

Blink to where?
Press: ? - help, Dir - move target cursor, p - snapping turtle Splash!
You fall into the shallow water.
Moving in this stuff is going to be slow.
You are very lightly contaminated with residual magic.
As you read the scroll of blinking {@r4}, it crumbles to dust.
Casting: Confuse (safe; 1% risk of failure)
Confirm with . or Enter, or press ? or * to list all spells.
Your skin crawls.
Casting: Regeneration (safe; 1% risk of failure)
Confirm with . or Enter, or press ? or * to list all spells.
Aiming: Confuse (safe; 1% risk of failure)
Press: ? - help, Shift-Dir - straight line, f - merfolk javelineer
Aim: a merfolk javelineer, wielding a +0 spear of piercing and wearing a +0 leather armour (lightly wounded, chance to defeat MR: 47%)
The merfolk javelineer resists with some effort.
The merfolk javelineer throws a javelin of penetration.
The javelin of penetration completely misses your spectral weapon.
The javelin of penetration pierces through you!
You die...

≈...#.≈...≈.≈≈.....≈≈≈≈≈.≈≈≈≈≈.≈.
≈≈...≈≈≈≈≈≈≈≈≈≈≈≈≈≈≈≈≈≈≈≈≈≈≈≈..≈(
≈≈.≈≈≈≈≈≈≈≈≈≈≈≈≈≈≈≈≈≈≈≈≈≈≈≈≈≈≈.≈≈
≈≈≈≈≈≈≈≈≈≈≈≈≈≈≈≈≈≈≈≈≈≈≈≈≈≈≈≈≈≈≈.(
≈≈≈≈≈≈≈≈≈≈≈≈≈≈≈≈≈≈≈≈≈≈≈≈≈≈≈≈≈≈(..
≈≈≈≈≈....≈≈≈≈≈≈≈≈≈≈≈≈≈≈≈≈≈≈≈≈.≈≈.
≈≈≈≈≈≈≈≈≈≈≈≈≈≈≈≈≈≈≈.≈≈≈≈.≈≈≈≈..≈≈
≈≈≈≈≈≈≈≈≈≈≈≈≈≈≈≈≈≈≈[≈≈≈≈.≈≈≈≈≈.≈)
≈≈≈≈≈≈≈≈≈≈≈≈≈≈≈≈@≈≈≈≈≈≈≈≈≈≈.≈≈≈≈≈
≈≈≈≈≈≈≈≈≈≈≈≈≈≈≈(≈≈≈≈≈≈≈≈≈≈...≈≈≈.
≈≈≈≈≈≈≈≈(≈≈≈≈≈≈.#..≈≈≈≈≈.≈..(....
≈≈≈≈≈≈≈≈≈≈≈≈≈≈..##.≈≈≈≈≈≈≈≈(####.
≈≈≈≈≈≈≈≈≈≈≈≈≈≈#....≈≈≈≈≈≈≈.######
≈≈≈≈≈≈≈≈≈≈≈≈≈≈##...≈≈≈≈≈≈≈.......
≈≈≈≈≈≈≈≈≈≈≈≈m≈###≈≈≈≈≈≈≈≈≈.......
≈≈≈≈≈≈≈≈≈≈≈.§.t≈######≈≈≈........
≈≈≈≈≈≈≈≈≈≈≈≈#(†≈# ∆ {#≈..........


You could see a merfolk javelineer and a friendly spectral +9 vampiric scimitar.

Vanquished Creatures
  Arachne (Spider:4)
  Polyphemus (Shoals:3)
  A kraken (Shoals:1)
  Kirke (Lair:6)
  Agnes (Spider:3)
  A fire giant (D:15)
  2 ghost moths (Spider:4)
  A frost giant (Shoals:4)
  4 emperor scorpions (Spider:4)
  Louise (Spider:1)
  9 entropy weavers
  A minotaur (Gauntlet)
  5 spark wasps
  Azrael (D:14)
  Snorg (D:14)
  An ettin (Orc:2)
  11 merfolk impalers
  Josephine (Lair:6)
  12 hydras
  Harold (Orc:2)
  8 vault guards (D:14)
  4 catoblepae
  3 merfolk avatars
  4 centaur warriors
  7 merfolk aquamancers
  A queen ant (D:12)
  2 death scarabs (Gauntlet)
  2 satyrs
  8 two-headed ogres
  A tengu warrior (D:15)
  A death knight (D:15)
  11 death yaks
  2 ogre magi (D:15)
  An orc high priest (Orc:1)
  A sun demon (Lair:6)
  10 skeletal warriors (D:15)
  3 unseen horrors
  A spectral hydra (Gauntlet)
  A wizard (Lair:6)
  12 sea snakes
  Pikel (D:8)
  4 harpies (Shoals:3)
  A wolf spider zombie (D:15)
  A deep elf mage (D:15)
  7 orc knights
  5 oklob plants
  2 orc sorcerers
  18 orb spiders
  32 wolf spiders
  6 fauns
  22 ugly things
  11 manticores
  An elephant (Lair:6)
  A manticore (shapeshifter) (D:14)
  A moth of wrath (Spider:4)
  2 centaur zombies
  8 water nymphs
  9 merfolk sirens
  3 cyclopes
  6 black mambas
  Joseph (D:9)
  3 ice statues (IceCv)
  4 gargoyles
  2 torpor snails
  A smoke demon (Lair:6)
  14 spiny frogs
  4 orange demons (Lair:6)
  5 kobold demonologists
  13 komodo dragons
  7 rime drakes
  A freezing wraith (D:15)
  16 demonic crawlers
  2 efreet
  An ice devil (Lair:6)
  A tengu conjurer (D:15)
  26 merfolk
  10 trolls
  5 tyrant leeches (Lair:2)
  6 meliai
  42 jumping spiders
  2 slime creatures (D:15)
  17 hornets
  3 wind drakes
  A raiju (shapeshifter) (D:15)
  7 hippogriffs
  2 dream sheep (Shoals:1)
  24 blink frogs
  9 snapping turtles
  72 redbacks
  4 shadows
  28 tarantellas
  4 wraiths
  14 water elementals
  4 wyverns
  3 hogs (Lair:6)
  29 yaks
  A steam dragon (D:8)
  4 basilisks
  3 hungry ghosts
  Grum (D:9)
  2 fire elementals (D:14)
  3 vampire mosquitoes (D:15)
  5 swamp worms (Lair:2)
  3 acid dragons
  25 soldier ants (D:12)
  5 wargs
  13 water moccasins
  10 porcupines
  9 hell hounds
  A hornet zombie (D:13)
  3 slaves (D:8)
  A porcupine (shapeshifter) (D:14)
  12 ice beasts
  A black bear (D:10)
  2 eyes of draining
  A necrophage (D:7)
  50 orc warriors
  11 wolves
  9 sky beasts
  26 ogres
  2 phantoms (D:14)
  A spectral torpor snail (Gauntlet)
  4 boggarts
  34 centaurs
  9 crocodiles
  7 big kobolds
  16 bullfrogs
  A wyvern zombie (D:14)
  A wyvern skeleton (D:14)
  5 scorpions
  11 wights
  4 electric eels
  A howler monkey (D:9)
  13 crimson imps
  A lava snake (D:12)
  7 jellies
  2 bullfrog zombies
  4 centaur skeletons
  11 hounds
  Crazy Yiuf (D:4)
  2 quasits
  21 orc priests
  28 orc wizards
  3 bullfrog skeletons
  Jessica (D:3)
  5 iguanas
  Natasha (thrice) (D:2)
  26 worker ants
  A hound skeleton (D:9)
  A worker ant zombie (D:11)
  8 gnolls
  16 adders
  3 shadow imps
  3 white imps (D:8)
  3 worms
  4 dart slugs
  3 leopard geckos
  102 orcs
  5 giant cockroaches
  21 goblins
  11 hobgoblins
  2 jackals (D:8)
  26 kobolds
  4 quokkas
  7 bats
  5 frilled lizards
  A leopard gecko skeleton (D:5)
  A quokka skeleton (D:4)
  9 rats
  A spectral orc (D:7)
  A fungus (D:4)
  3 spectral weapons
  4 tentacles (Shoals:1)
1338 creatures vanquished.

Vanquished Creatures (collateral kills)
  Blork the orc (D:4)
  A plant (Shoals:3)
2 creatures vanquished.

Vanquished Creatures (others)
  A merfolk javelineer (Shoals:4)
  A two-headed ogre (D:14)
  A satyr (Shoals:2)
  2 fauns (Shoals:4)
  A manticore (Shoals:3)
  A cyclops (Shoals:1)
  A hippogriff (D:14)
  A tarantella (Spider:2)
  2 orc warriors (Orc:2)
  10 centaurs
  An orc wizard (Orc:2)
  3 orcs (Orc:2)
  9 fungi
  17 plants
  33 spectral weapons
  10 tentacles (Shoals:1)
94 creatures vanquished.

Grand Total: 1434 creatures vanquished

Notes
Turn   | Place    | Note
-------+----------+-------------------------------------------
     0 | D:1      | LicitheCrawler the Gnoll Skald began the quest for the Orb.
     0 | D:1      | Reached XP level 1. HP: 20/20 MP: 6/6
   212 | D:1      | Reached XP level 2. HP: 22/26 MP: 7/7
   219 | D:1      | Learned a level 2 spell: Shroud of Golubria
   938 | D:2      | Reached XP level 3. HP: 31/31 MP: 9/9
   946 | D:2      | Reached skill level 5 in Spellcasting
  1029 | D:1      | Learned a level 3 spell: Regeneration
  1033 | D:1      | Learned a level 3 spell: Spectral Weapon
  1036 | D:1      | Learned a level 2 spell: Song of Slaying
  1119 | D:2      | Reached skill level 1 in Invocations
  1235 | D:2      | Found a bloodstained altar of Trog.
  1341 | D:2      | Reached skill level 1 in Short Blades
  1341 | D:2      | Reached skill level 1 in Long Blades
  1341 | D:2      | Reached skill level 1 in Axes
  1341 | D:2      | Reached skill level 1 in Maces & Flails
  1341 | D:2      | Reached skill level 1 in Staves
  1341 | D:2      | Reached skill level 1 in Slings
  1341 | D:2      | Reached skill level 1 in Bows
  1341 | D:2      | Reached skill level 1 in Crossbows
  1341 | D:2      | Reached skill level 1 in Throwing
  1341 | D:2      | Reached skill level 1 in Stealth
  1341 | D:2      | Reached skill level 1 in Shields
  1341 | D:2      | Reached skill level 1 in Unarmed Combat
  1341 | D:2      | Reached skill level 1 in Evocations
  1341 | D:2      | Reached XP level 4. HP: 35/38 MP: 7/11
  1514 | D:2      | Noticed Natasha
  1528 | D:2      | Killed Natasha
  1637 | D:2      | Noticed Natasha
  1646 | D:2      | Killed Natasha
  1646 | D:2      | Reached skill level 1 in Conjurations
  1646 | D:2      | Reached skill level 1 in Hexes
  1646 | D:2      | Reached skill level 1 in Summonings
  1646 | D:2      | Reached skill level 1 in Necromancy
  1646 | D:2      | Reached skill level 1 in Translocations
  1646 | D:2      | Reached skill level 1 in Transmutations
  1646 | D:2      | Reached skill level 1 in Fire Magic
  1646 | D:2      | Reached skill level 1 in Ice Magic
  1646 | D:2      | Reached skill level 1 in Air Magic
  1646 | D:2      | Reached skill level 1 in Earth Magic
  1646 | D:2      | Reached skill level 1 in Poison Magic
  1731 | D:2      | Reached XP level 5. HP: 43/43 MP: 12/12
  1795 | D:2      | Found an opulent altar of Gozag.
  1796 | D:2      | Found a sacrificial altar of Ru.
  1797 | D:2      | Found a shadowy altar of Dithmenos.
  1841 | D:2      | Noticed Natasha
  1849 | D:2      | Killed Natasha
  2104 | D:2      | Found a burning altar of Makhleb.
  2505 | D:3      | Reached XP level 6. HP: 49/50 MP: 7/13
  2968 | D:3      | Found a faded altar of an unknown god.
  3070 | D:3      | Reached skill level 5 in Fighting
  3070 | D:3      | Reached skill level 5 in Polearms
  3070 | D:3      | Reached skill level 5 in Dodging
  3096 | D:3      | Noticed Jessica
  3104 | D:3      | Killed Jessica
  3634 | D:4      | Found Xoep's Magic Scroll Emporium.
  3642 | D:4      | Bought a scroll of enchant armour for 90 gold pieces
  3642 | D:4      | Bought a scroll of remove curse for 36 gold pieces
  3642 | D:4      | Bought a scroll of identify for 24 gold pieces
  3642 | D:4      | Bought a scroll of identify for 24 gold pieces
  3642 | D:4      | Bought a scroll of fog for 24 gold pieces
  3665 | D:4      | Reached XP level 7. HP: 56/56 MP: 8/15
  3781 | D:4      | Learned a level 2 spell: Sticks to Snakes
  4196 | D:4      | Noticed Blork the orc
  4208 | D:4      | Killed Blork the orc
  4614 | D:4      | Found a runed translucent door.
  4615 | D:4      | Noticed Crazy Yiuf
  4622 | D:4      | Killed Crazy Yiuf
  4663 | D:5      | Entered Level 5 of the Dungeon
  5239 | D:5      | Reached XP level 8. HP: 41/63 MP: 12/16
  7137 | D:7      | Found a stormy altar of Qazlal.
  7219 | D:7      | Reached XP level 9. HP: 55/69 MP: 15/18
  7583 | D:7      | Found a staircase to the Ecumenical Temple.
  7602 | Temple   | Entered the Ecumenical Temple
  7629 | Temple   | Became a worshipper of Ashenzari the Shackled
  7918 | D:7      | Found a basalt altar of Yredelemnul.
  8042 | D:8      | Noticed Pikel
  8126 | D:8      | Killed Pikel
  8126 | D:8      | Reached skill level 5 in Armour
  8127 | D:8      | Found a flagged portal.
  8188 | Bailey   | Entered a bailey
  8260 | Bailey   | Found an iron altar of Okawaru.
  8260 | Bailey   | Noticed a kobold demonologist
  8260 | Bailey   | Noticed a kobold demonologist
  8286 | Bailey   | Killed a kobold demonologist
  8286 | Bailey   | Reached skill level 5 in Invocations
  8303 | Bailey   | Killed a kobold demonologist
  8303 | Bailey   | Reached XP level 10. HP: 33/77 MP: 0/20
  9326 | Bailey   | Got the uncursed scale mail of Philately {rPois rC+ rCorr
                  | Str-2}
  9563 | Bailey   | Noticed an orc knight
  9580 | Bailey   | Killed an orc knight
  9580 | Bailey   | Reached skill level 5 in Short Blades
  9580 | Bailey   | Reached skill level 5 in Long Blades
  9580 | Bailey   | Reached skill level 5 in Axes
  9580 | Bailey   | Reached skill level 5 in Maces & Flails
  9580 | Bailey   | Reached skill level 5 in Staves
  9580 | Bailey   | Reached skill level 5 in Slings
  9580 | Bailey   | Reached skill level 5 in Bows
  9580 | Bailey   | Reached skill level 5 in Crossbows
  9580 | Bailey   | Reached skill level 5 in Throwing
  9580 | Bailey   | Reached skill level 5 in Stealth
  9580 | Bailey   | Reached skill level 5 in Shields
  9580 | Bailey   | Reached skill level 5 in Unarmed Combat
  9580 | Bailey   | Reached skill level 5 in Evocations
  9587 | Bailey   | Identified a scroll of acquirement
  9636 | Bailey   | Got the cursed hat "Qiasuwno" {rPois MR- Regen+}
  9647 | Bailey   | Identified the +1 scale mail of Philately {rPois rC+ rCorr
                  | Str-2} (You found it in a bailey)
 10119 | D:8      | Noticed a two-headed ogre
 10126 | D:8      | Killed a two-headed ogre
 10408 | D:4      | Bought a scroll of remove curse for 36 gold pieces
 10476 | D:9      | Noticed Joseph
 10844 | D:9      | Killed Joseph
 11054 | D:9      | Noticed Grum
 11061 | D:9      | Reached XP level 11. HP: 74/84 MP: 15/22
 11064 | D:9      | Killed Grum
 11075 | D:9      | Learned a level 1 spell: Apportation
 11077 | D:9      | Learned a level 1 spell: Confusing Touch
 11081 | D:9      | Learned a level 3 spell: Confuse
 11166 | D:9      | Found a snail-covered altar of Cheibriados.
 11224 | D:9      | Reached * piety under Ashenzari
 11411 | D:9      | Identified the cursed +2 hat "Qiasuwno" {rPois MR- Regen+}
                  | (You acquired it in a bailey)
 11779 | D:9      | Reached skill level 5 in Conjurations
 11779 | D:9      | Reached skill level 5 in Hexes
 11779 | D:9      | Reached skill level 5 in Summonings
 11779 | D:9      | Reached skill level 5 in Necromancy
 11779 | D:9      | Reached skill level 5 in Translocations
 11779 | D:9      | Reached skill level 5 in Transmutations
 11779 | D:9      | Reached skill level 5 in Fire Magic
 11779 | D:9      | Reached skill level 5 in Ice Magic
 11779 | D:9      | Reached skill level 5 in Air Magic
 11779 | D:9      | Reached skill level 5 in Earth Magic
 11779 | D:9      | Reached skill level 5 in Poison Magic
 11969 | D:10     | Entered Level 10 of the Dungeon
 11978 | D:10     | Reached ** piety under Ashenzari
 12046 | D:10     | Found a staircase to the Lair.
 12712 | D:10     | Reached *** piety under Ashenzari
 12741 | D:10     | Found a runed translucent door.
 12741 | D:10     | Noticed Stiffzip's ghost (novice MfSu)
 12952 | Lair:1   | Entered Level 1 of the Lair of Beasts
 12963 | Lair:1   | Noticed a five-headed hydra
 12984 | Lair:1   | Killed a five-headed hydra
 13162 | Lair:1   | Reached XP level 12. HP: 80/93 MP: 21/24
 13274 | Lair:1   | Noticed an eight-headed hydra
 13281 | Lair:1   | Killed an eight-headed hydra
 14365 | Lair:2   | Reached **** piety under Ashenzari
 14643 | Lair:2   | Identified the cursed ring "Dacittut" {AC-3 Dex+4}
 14819 | Lair:2   | Identified the +4 chain mail of Calculation {rN+ Int+2}
 15142 | Lair:3   | Found a frozen archway.
 15154 | IceCv    | Entered an ice cave
 15177 | IceCv    | Reached XP level 13. HP: 101/101 MP: 24/26
 16073 | Lair:3   | Found a hole to the Spider Nest.
 16598 | Lair:4   | Identified the cursed +1 robe of Ashenzari's Pride {Str+4
                  | Dex+3}
 16673 | Lair:4   | Reached ***** piety under Ashenzari
 16969 | Lair:4   | Found a staircase to the Shoals.
 17501 | Lair:5   | Found a staircase to the Slime Pits.
 17502 | Lair:5   | Found a viscous altar of Jiyva.
 17722 | Lair:5   | Reached skill level 10 in Spellcasting
 17755 | Lair:5   | Reached XP level 14. HP: 109/109 MP: 28/28
 18013 | Lair:5   | Reached skill level 10 in Fighting
 18013 | Lair:5   | Reached skill level 10 in Polearms
 18013 | Lair:5   | Reached skill level 10 in Dodging
 18489 | Lair:6   | Entered Level 6 of the Lair of Beasts
 18489 | Lair:6   | Identified the +4 falchion of True Grit {venom, rPois}
 18719 | Lair:6   | Noticed Josephine
 18725 | Lair:6   | Killed Josephine
 19483 | Lair:6   | Reached skill level 10 in Invocations
 19654 | Lair:6   | Paralysed by a wizard for 4 turns
 19739 | Lair:6   | Found a burning altar of Makhleb.
 19757 | Lair:6   | Found a gateway to Hell.
 19875 | Lair:6   | Noticed Kirke
 19904 | Lair:6   | Killed Kirke
 20506 | D:11     | Reached XP level 15. HP: 117/117 MP: 29/29
 21071 | D:12     | Found a gate leading to a gauntlet.
 21081 | Gauntlet | Entered a Gauntlet
 21081 | Gauntlet | Found a transporter.
 21081 | Gauntlet | Found a transporter.
 21081 | Gauntlet | Found a transporter.
 21081 | Gauntlet | Identified the +5 flail "Velep" {pain, rC+ Int+3 Stlth+}
 21082 | Gauntlet | Found a transporter.
 21085 | Gauntlet | Found a transporter.
 21085 | Gauntlet | Found a transporter.
 21095 | Gauntlet | Found a transporter.
 21099 | Gauntlet | Found a transporter.
 21109 | Gauntlet | Found a transporter.
 21113 | Gauntlet | Found a transporter.
 21113 | Gauntlet | Found a transporter.
 21119 | Gauntlet | Reached ****** piety under Ashenzari
 21209 | Gauntlet | Found a transporter.
 21359 | Gauntlet | Reached skill level 10 in Armour
 21539 | Gauntlet | Identified the ring of the Sparrow {rF+ rC+ MR+ Str+4 SInv}
 21567 | Gauntlet | Identified the Almanac of Execration and the Frostbite
 21567 | Gauntlet | Identified the Handbook of Good Luck and Intoxication
 21568 | Gauntlet | Identified the cursed +0 hand axe of Qegudiytt {drain, MR+}
 22108 | D:12     | Found a staircase to the Orcish Mines.
 22202 | D:12     | Reached skill level 10 in Charms
 22566 | D:13     | Reached skill level 10 in Short Blades
 22566 | D:13     | Reached skill level 10 in Long Blades
 22566 | D:13     | Reached skill level 10 in Axes
 22566 | D:13     | Reached skill level 10 in Maces & Flails
 22566 | D:13     | Reached skill level 10 in Staves
 22566 | D:13     | Reached skill level 10 in Slings
 22566 | D:13     | Reached skill level 10 in Bows
 22566 | D:13     | Reached skill level 10 in Crossbows
 22566 | D:13     | Reached skill level 10 in Throwing
 22566 | D:13     | Reached skill level 10 in Stealth
 22566 | D:13     | Reached skill level 10 in Shields
 22566 | D:13     | Reached skill level 10 in Unarmed Combat
 22566 | D:13     | Reached skill level 10 in Evocations
 23604 | D:13     | Learned a level 1 spell: Summon Butterflies
 23608 | D:13     | Learned a level 3 spell: Lesser Beckoning
 23712 | Orc:1    | Entered Level 1 of the Orcish Mines
 23858 | Orc:2    | Entered Level 2 of the Orcish Mines
 23908 | Orc:2    | Cast into level 1 of the Abyss (orc)
 23964 | Orc:2    | Escaped the Abyss
 23981 | Orc:2    | Found Fewnoreq's Jewellery Shop.
 24081 | Orc:1    | Noticed Harold
 24200 | Orc:2    | Found a staircase to the Elven Halls.
 24223 | Orc:2    | Found Ingeliti's Antique Weapon Emporium.
 24536 | Orc:2    | Reached XP level 16. HP: 105/125 MP: 25/31
 24765 | Orc:2    | Found Igull's General Store.
 24765 | Orc:2    | Found Sucij's General Store.
 24767 | Orc:2    | Found Romn's Gadget Shoppe.
 24769 | Orc:2    | Found Aquimibo's Magic Scroll Boutique.
 24968 | Orc:2    | Killed Harold
 25509 | Orc:2    | Bought a scroll of enchant weapon for 97 gold pieces
 25509 | Orc:2    | Bought a scroll of remove curse for 39 gold pieces
 25509 | Orc:2    | Bought a scroll of fog for 26 gold pieces
 25509 | Orc:2    | Bought a potion of ambrosia for 104 gold pieces
 25509 | Orc:2    | Bought the ring "Veyttima" {rPois rF+ Int+2 Stlth+} for 561
                  | gold pieces
 25509 | Orc:2    | Bought a scroll of magic mapping for 45 gold pieces
 25511 | Orc:2    | Bought a potion of ambrosia for 120 gold pieces
 25511 | Orc:2    | Bought a scroll of remove curse for 45 gold pieces
 25511 | Orc:2    | Bought a scroll of remove curse for 45 gold pieces
 25513 | Orc:2    | Bought a wand of digging (4) for 208 gold pieces
 25513 | Orc:2    | Bought a wand of acid (8) for 312 gold pieces
 25798 | D:14     | Noticed Azrael
 25831 | D:14     | Killed Azrael
 26485 | D:14     | Found a gate to the Vaults.
 26902 | D:14     | Noticed Snorg
 26910 | D:14     | Killed Snorg
 27127 | D:15     | Entered Level 15 of the Dungeon
 27549 | D:15     | Found a staircase to the Depths.
 27721 | D:15     | Reached XP level 17. HP: 133/133 MP: 33/33
 28619 | Spider:1 | Entered Level 1 of the Spider Nest
 28832 | Spider:1 | Identified Roxanne's Catalogue of Moulding
 28832 | Spider:1 | Noticed Roxanne
 29014 | Spider:1 | Identified the +2 leather armour of Vyuhaet {Regen+ Str+2
                  | Int-4}
 29068 | Spider:1 | Noticed Louise
 29083 | Spider:1 | Killed Louise
 30091 | Spider:2 | Learned a level 5 spell: Alistair's Intoxication
 30954 | Spider:3 | Noticed Agnes
 30967 | Spider:3 | Killed Agnes
 30995 | Spider:3 | Reached skill level 10 in Conjurations
 30995 | Spider:3 | Reached skill level 10 in Hexes
 30995 | Spider:3 | Reached skill level 10 in Summonings
 30995 | Spider:3 | Reached skill level 10 in Necromancy
 30995 | Spider:3 | Reached skill level 10 in Translocations
 30995 | Spider:3 | Reached skill level 10 in Transmutations
 30995 | Spider:3 | Reached skill level 10 in Fire Magic
 30995 | Spider:3 | Reached skill level 10 in Ice Magic
 30995 | Spider:3 | Reached skill level 10 in Air Magic
 30995 | Spider:3 | Reached skill level 10 in Earth Magic
 30995 | Spider:3 | Reached skill level 10 in Poison Magic
 31340 | Spider:3 | Reached XP level 18. HP: 133/141 MP: 34/34
 31847 | Spider:4 | Entered Level 4 of the Spider Nest
 31901 | Spider:4 | Noticed Arachne
 31957 | Spider:4 | Killed Arachne
 33378 | Spider:4 | Got a gossamer rune of Zot
 33610 | Shoals:1 | Entered Level 1 of the Shoals
 34764 | Shoals:2 | Reached XP level 19. HP: 145/149 MP: 36/36
 36112 | Shoals:4 | Entered Level 4 of the Shoals
 36192 | Shoals:4 | Noticed Polyphemus
 36544 | Shoals:3 | Killed Polyphemus
 36782 | Shoals:4 | Noticed Mara
 36811 | Shoals:4 | Noticed LicitheCrawler's illusion
 37220 | Shoals:4 | Got a barnacled rune of Zot
 37405 | Shoals:4 | HP: 6/150 [snapping turtle (15)]
 37412 | Shoals:4 | Hit by a javelin of penetration thrown by a merfolk
                  | javelineer

Levels and vault maps discovered:
D:1:      mushboom_english_gardens, layout_basic
D:2:      layout_loops_ring, makhleb_grotto_becter,
          nicolae_overflow_hidden_temple, bloody_trog, uniq_natasha
D:3:      layout_basic, chequers_ecumenical_altar_simple, uniq_jessica
D:4:      layout_cave_pools, serial_shops, nicolae_shop_trees,
          uniq_blork_the_orc, uniq_crazy_yiuf_cottage
D:5:      layout_basic, first_ration
D:6:      layout_cave_pools
D:7:      layout_basic, nicolae_overflow_crystal_walls,
          yredelemnul_forgotten_temple_becter, minmay_temple_entry_arrows,
          grunt_ogre_cave, kennysheep_generic_room_3
D:8:      layout_basic, enter_bailey_6, minmay_nine_imps, uniq_pikel
D:9:      cheibrodos_barr_body, layout_irregular_city, basic_altar,
          chequers_serial_rivers_small_3, nicolae_underground_beach,
          uniq_joseph, uniq_grum
D:10:     layout_stronghold, grunt_lair_entry_orc_guard_hut,
          ebering_ghost_inner_flame
D:11:     layout_roguey, kennysheep_nub, kennysheep_generic_room_7
D:12:     layout_big_octagon, orc_0_dummy, gauntlet_entry_generic, zaba_anthell
D:13:     layout_layer_cave
D:14:     layout_loops_ring, erik_vaults_2, nicolae_two_hexagons,
          grunt_ministairs_7, uniq_snorg, uniq_azrael
D:15:     grunt_enter_depths_giant_problem, layout_basic, lightli_minifort
Temple:   eino_temple_rhombus
Lair:1:   layout_hall_layers, nicolae_lair_grove_arrangements
Lair:2:   minmay_lair_oklob_tunnel, layout_chaotic_city, worms_lemuel,
          minmay_lair_oklob_chamber
Lair:3:   layout_misc_corridors, spider_nest_entry_rubble, portal_ice_cave_rime
Lair:4:   layout_cave_shapes, elwin_shoals_entry_rooms
Lair:5:   layout_hall_layers, slime_altar_1, minmay_shattered_shrine
Lair:6:   evil_forest, layout_gridlike, chequers_serial_rivers_micro_d,
          grunt_megastairs_2, uniq_kirke, uniq_josephine
Shoals:1: layout_shoals
Shoals:2: layout_shoals, nicolae_shoals_water_shrine
Shoals:3: layout_shoals
Shoals:4: shoals_end_grunt_ice, layout_shoals, regret_index_shoals_crete,
          uniq_polyphemus, uniq_mara
Spider:1: layout_spider_delve, uniq_louise, uniq_roxanne
Spider:2: layout_spider_delve
Spider:3: layout_spider_delve, nicolae_spider_nook, uniq_agnes
Spider:4: guppyfry_spider_rune, nicolae_spider_shape, uniq_arachne
Orc:1:    layout_caves, uniq_harold
Orc:2:    st_orc_rangers, layout_diamond_mine, serial_shops,
          nicolae_shop_statue_plus, nicolae_shop_statue_plus
Abyss:1
Bailey:   bailey_axe_of_yendor_kennysheep, bailey
IceCv:    ice_cave_statue_garden_chambered
Gauntlet: gammafunk_gauntlet_hard_choice [nicolae_gauntlet_arena_blocks,
          nicolae_gauntlet_arena_flowing_pool, gammafunk_gauntlet_arena_open,
          gammafunk_gauntlet_arena_grid, gammafunk_gauntlet_arena_split_diamond,
          gammafunk_gauntlet_arena_crates, gauntlet_exit_watery]

Skill      XL: |  1  2  3  4  5  6  7  8  9 10 11 12 13 14 15 16 17 18 19 |
---------------+----------------------------------------------------------+-----
Spellcasting   | 5 6 7 8 9 10 11 12 13 | 13.5
Invocations    | 1 2 3 4 5 6 7 8 9 10 11 12 13 | 13.7
Short Blades   | 1 2 3 4 5 6 7 8 9 10 11 12 | 12.7
Long Blades    | 1 2 3 4 5 6 7 8 9 10 11 12 | 12.7
Axes           | 1 2 3 4 5 6 7 8 9 10 11 12 | 12.7
Maces & Flails | 1 2 3 4 5 6 7 8 9 10 11 12 | 12.7
Staves         | 1 2 3 4 5 6 7 8 9 10 11 12 | 12.7
Slings         | 1 2 3 4 5 6 7 8 9 10 11 12 | 12.7
Bows           | 1 2 3 4 5 6 7 8 9 10 11 12 | 12.7
Crossbows      | 1 2 3 4 5 6 7 8 9 10 11 12 | 12.7
Throwing       | 1 2 3 4 5 6 7 8 9 10 11 12 | 12.7
Stealth        | 1 2 3 4 5 6 7 8 9 10 11 12 | 12.7
Shields        | 1 2 3 4 5 6 7 8 9 10 11 12 | 12.7
Unarmed Combat | 1 2 3 4 5 6 7 8 9 10 11 12 | 12.7
Evocations     | 1 2 3 4 5 6 7 8 9 10 11 12 | 12.7
Conjurations   | 1 2 3 4 5 6 7 8 9 10 | 10.9
Hexes          | 1 2 3 4 5 6 7 8 9 10 | 10.9
Summonings     | 1 2 3 4 5 6 7 8 9 10 | 10.9
Necromancy     | 1 2 3 4 5 6 7 8 9 10 | 10.9
Translocations | 1 2 3 4 5 6 7 8 9 10 | 10.9
Transmutations | 1 2 3 4 5 6 7 8 9 10 | 10.9
Fire Magic     | 1 2 3 4 5 6 7 8 9 10 | 10.9
Ice Magic      | 1 2 3 4 5 6 7 8 9 10 | 10.9
Air Magic      | 1 2 3 4 5 6 7 8 9 10 | 10.9
Earth Magic    | 1 2 3 4 5 6 7 8 9 10 | 10.9
Poison Magic   | 1 2 3 4 5 6 7 8 9 10 | 10.9
Armour         | 3 4 5 6 7 8 9 10 11 12 13 | 13.0
Fighting       | 5 6 7 8 9 10 11 12 13 | 13.4
Polearms       | 5 6 7 8 9 10 11 12 13 | 13.4
Dodging        | 5 6 7 8 9 10 11 12 13 | 13.4
Charms         | 6 7 8 9 10 11 12 | 12.1

Action                   |  1- 3 |  4- 6 |  7- 9 | 10-12 | 13-15 | 16-18 | 19-21 || total
-------------------------+-------+-------+-------+-------+-------+-------+-------++-------
Melee: Spear             |    86 |   156 |   310 |   108 |       |       |       ||   660
       Bite              |    11 |     9 |    45 |    90 |   199 |   330 |    80 ||   764
       Punch             |       |       |     2 |    21 |    37 |       |       ||    60
       Scimitar          |       |       |       |   485 |  1280 |  2061 |   517 ||  4343
       Unarmed           |       |       |       |       |     8 |       |       ||     8
Throw: Stone             |       |       |       |     4 |       |       |       ||     4
 Cast: Infusion          |    10 |     5 |     4 |     2 |       |       |       ||    21
       Shroud of Golubri |     3 |     5 |     3 |     8 |    12 |     9 |       ||    40
       Spectral Weapon   |     3 |    21 |    32 |    49 |    52 |    38 |    16 ||   211
       Regeneration      |       |     2 |    14 |    13 |    24 |    19 |     5 ||    77
       Sticks to Snakes  |       |       |     8 |       |     1 |       |       ||     9
       Apportation       |       |       |       |     4 |     2 |       |       ||     6
       Confuse           |       |       |       |       |     8 |    59 |     3 ||    70
       Song of Slaying   |       |       |       |       |    10 |    13 |       ||    23
       Alistair's Intoxi |       |       |       |       |       |    10 |    41 ||    51
Invok: Curse Item        |       |       |     3 |     3 |     4 |     1 |       ||    11
Evoke: Wand              |       |       |    16 |    19 |    22 |    18 |     3 ||    78
  Use: Scroll            |       |     5 |     1 |    18 |     9 |     9 |     2 ||    44
       Potion            |       |       |       |     7 |       |     1 |     1 ||     9
 Stab: Sleeping          |     1 |     8 |     8 |    11 |    17 |     7 |       ||    52
       Distracted        |       |       |     3 |     8 |     7 |     8 |     3 ||    29
       Paralysed         |       |       |     7 |    11 |       |       |       ||    18
       Confused          |       |       |       |       |     3 |    43 |    14 ||    60
       Petrified         |       |       |       |       |       |       |     3 ||     3
       Held in net/web   |       |       |       |       |       |       |     1 ||     1
  Eat: Chunk             |     2 |     9 |    12 |    22 |    26 |    34 |    11 ||   116
       Ration            |       |       |     2 |     2 |     2 |     2 |     1 ||     9
Armor: Leather armour    |    12 |    10 |    48 |     1 |       |       |       ||    71
       Scale mail        |       |       |       |   172 |   313 |    42 |       ||   527
       Skin              |       |       |       |    34 |       |       |       ||    34
       Chain mail        |       |       |       |       |       |   657 |   148 ||   805
Dodge: Dodged            |    33 |    52 |   133 |   369 |   646 |   706 |   135 ||  2074
Block: Other             |       |       |       |       |    89 |       |       ||    89
       Reflection        |       |       |       |       |    71 |    41 |    62 ||   174
       Large shield      |       |       |       |       |   725 |  2491 |   577 ||  3793
       Rpst.: Scimitar   |       |       |       |    86 |   184 |   150 |    22 ||   442

Table legend:
 A = Non-vault XP
 B = Vault XP
 C = Vault XP percentage of total XP
 D = Non-vault monster count
 E = Vault monster count
 F = Vault count percentage of total count
                 A         B        C        D         E       F
            +---------+---------+-------+---------+---------+-------
      Total |  240600 |  132984 |  35.6 |     960 |     392 |  29.0
            +---------+---------+-------+---------+---------+-------
        D:1 |      30 |       0 |   0.0 |      18 |       0 |   0.0
        D:2 |     152 |      83 |  35.3 |      27 |       2 |   6.9
        D:3 |     197 |      37 |  15.8 |      25 |       1 |   3.8
        D:4 |     250 |      87 |  25.8 |      12 |       2 |  14.3
        D:5 |    1006 |       0 |   0.0 |      17 |       0 |   0.0
        D:6 |     205 |       0 |   0.0 |       3 |       0 |   0.0
        D:7 |     403 |     119 |  22.8 |      10 |       2 |  16.7
        D:8 |    1800 |     975 |  35.1 |      15 |      10 |  40.0
        D:9 |    2449 |    1440 |  37.0 |      53 |      16 |  23.2
       D:10 |    3071 |     654 |  17.6 |      37 |       5 |  11.9
       D:11 |    5261 |     167 |   3.1 |      42 |       4 |   8.7
       D:12 |    5175 |    8145 |  61.1 |      28 |      43 |  60.6
       D:13 |   10875 |       0 |   0.0 |      48 |       0 |   0.0
       D:14 |   10920 |   12099 |  52.6 |      48 |      21 |  30.4
       D:15 |   31512 |    2609 |   7.6 |      65 |       7 |   9.7
     Lair:1 |    6131 |       0 |   0.0 |      17 |       0 |   0.0
     Lair:2 |    2123 |    5638 |  72.6 |       9 |      19 |  67.9
     Lair:3 |   10402 |    1032 |   9.0 |      30 |       3 |   9.1
     Lair:4 |    2287 |       0 |   0.0 |       7 |       0 |   0.0
     Lair:5 |    5647 |    8255 |  59.4 |      14 |      15 |  51.7
     Lair:6 |    8425 |   14559 |  63.3 |      32 |      39 |  54.9
   Shoals:1 |   15450 |       0 |   0.0 |      35 |       0 |   0.0
   Shoals:2 |    9685 |    4416 |  31.3 |      19 |       9 |  32.1
   Shoals:3 |   14305 |    4909 |  25.5 |      27 |       4 |  12.9
   Shoals:4 |   15137 |   11011 |  42.1 |      30 |      23 |  43.4
   Spider:1 |   12031 |    1499 |  11.1 |      32 |       1 |   3.0
   Spider:2 |   18541 |       0 |   0.0 |      57 |       0 |   0.0
   Spider:3 |   18379 |    6019 |  24.7 |      43 |      13 |  23.2
   Spider:4 |   18043 |   31530 |  63.6 |      52 |      49 |  48.5
      Orc:1 |    3644 |       0 |   0.0 |      29 |       0 |   0.0
      Orc:2 |    7064 |    6302 |  47.1 |      79 |      41 |  34.2
     Bailey |       0 |    2666 | 100.0 |       0 |      42 | 100.0
      IceCv |       0 |    3203 | 100.0 |       0 |      11 | 100.0
   Gauntlet |       0 |    5530 | 100.0 |       0 |      10 | 100.0
            +---------+---------+-------+---------+---------+-------
